 Dungeon Crawl Stone Soup version 0.24-a0-582-g4d4af81 (webtiles) character file.

Game seed: 8195657074994263713

60 DrEnzyme the Ducker (level 3, 0/28 HPs)
             Began as a Demigod Wanderer on Aug 26, 2019.
             Killed by nerve-wracking pain
             ... invoked by a shadow imp
              (9 damage)
             ... on level 6 of the Dungeon.
             The game lasted 00:07:33 (2849 turns).

DrEnzyme the Ducker (Demigod Wanderer)              Turns: 2849, Time: 00:07:33

Health: 0/28       AC:  3    Str: 18    XL:     3   Next: 55%
Magic:  7/7        EV: 12    Int: 18    God:
Gold:   131        SH:  0    Dex: 12    Spells: 3/4 levels left

rFire    . . .     SeeInvis .   a - +0 dagger
rCold    . . .     Gourm    .   (no shield)
rNeg     . . .     Faith    .   g - +0 leather armour
rPois    .         Spirit   .   (no helmet)
rElec    .         Reflect  .   (no cloak)
rCorr    .         Harm     .   (no gloves)
MR       .....                  (no boots)
Stlth    +.........             (no amulet)
HPRegen  0.09/turn              (no ring)
MPRegen  0.10/turn              (no ring)

@: no status effects
A: high mp 1
a: no special abilities


You were on level 6 of the Dungeon.
You were not hungry.

You visited 1 branch of the dungeon, and saw 4 of its levels.

You collected 131 gold pieces.

Inventory:

Hand Weapons
 a - a +0 dagger (weapon)
Missiles
 c - 18 poisoned darts (quivered)
Armour
 e - a +0 robe
 g - a +0 leather armour (worn)
Scrolls
 d - a scroll of remove curse {unknown}
 k - a scroll of identify {unknown}
 m - a scroll of random uselessness {unknown}
 n - a scroll of enchant armour {unknown}
Potions
 b - 2 potions of lignification
 h - 2 potions of heal wounds
 i - a potion of agility {unknown}
 j - a potion of magic {unknown}
 l - a potion of curing {unknown}
Comestibles
 f - 5 rations


   Skills:
 + Level 1.3 Fighting
 + Level 0.2 Short Blades
 + Level 1.9 Throwing
 + Level 1.2 Armour
 + Level 2.4 Dodging
 + Level 1.2 Stealth
 + Level 1.0 Unarmed Combat
 + Level 1.0 Spellcasting
   Level 1.0 Translocations
 + Level 1.0 Fire Magic
   Level 1.0 Evocations


You had 3 spell levels left.
You knew the following spells:

 Your Spells              Type           Power        Failure   Level  Hunger
a - Flame Tongue          Conj/Fire      #....        19%         1    ##.....

Your spell library contained the following spells:

 Spells                   Type           Power        Failure   Level  Hunger
 Throw Flame              Conj/Fire      #.....       28%         2    ###....
 Conjure Flame            Conj/Fire      #.......     50%         3    ####...
 Inner Flame              Hex/Fire       #.......     50%         3    ####...
 Sticky Flame             Conj/Fire      #.......     88%         4    #####..
 Fireball                 Conj/Fire      #.........   99%         5    ######.


Dungeon Overview and Level Annotations

Branches:
Dungeon (3/15)

Annotations:
D:2 Sigmund


Innate Abilities, Weirdness & Mutations

You have an increased reservoir of magic. (+10% MP)


Message History

The orc hits you with a +0 flail!
A worker ant comes into view.
The worker ant twitches its antennae in your direction.
The shadow imp gestures at you.
You barely resist. The orc barely misses you.
A bullfrog comes into view.
The bullfrog croaks.
You kill the orc!
Found a stone staircase leading up.
The shadow imp gestures at you. Pain shoots through your body!
The bullfrog hits you but does no damage.
The worker ant closely misses you. The bullfrog barely misses you.
A worker ant comes into view.
Found two stone staircases leading down.
The shadow imp gestures at you. Pain shoots through your body!
You die...

..##### >..#.# .# #....#
... ...#....### ....
.........> .....
...<.....# .......
.........###............
[......@...........)...#
..a....F.a(.............
#..####.................
. #...o..............
###..o5...........#
#.......#........
#...##)....(......
##..###...(#...... #.##
#....##....#


You could see a bullfrog, 2 worker ants, a shadow imp and 2 orcs.

Vanquished Creatures
  2 adders
  A dart slug (D:3)
  A leopard gecko (D:1)
  An orc (D:6)
  3 bats
  2 giant cockroaches
  3 goblins
  6 hobgoblins
  4 jackals (D:2)
  5 kobolds
  A quokka (D:2)
  A frilled lizard (D:1)
  5 rats
35 creatures vanquished.

Notes
Turn   | Place    | Note
-------+----------+-------------------------------------------
     0 | D:1      | DrEnzyme the Demigod Wanderer began the quest for the Orb.
     0 | D:1      | DrEnzyme set off with the following items: a +0 dagger, a
                  | potion of lignification, 10 poisoned darts, a +0 robe, a
                  | ration; and the following spell memorised: Flame Tongue;
                  | and the following spells available to memorise: Throw
                  | Flame, Conjure Flame, Inner Flame, Sticky Flame, Fireball
     0 | D:1      | Reached XP level 1. HP: 16/16 MP: 4/4
   392 | D:1      | Reached skill level 2 in Dodging
   620 | D:1      | Reached XP level 2. HP: 20/23 MP: 5/5
  1793 | D:2      | Noticed Sigmund
  1874 | D:2      | Reached XP level 3. HP: 22/28 MP: 7/7
  2032 | D:2      | Reached skill level 1 in Armour
  2802 | D:3      | Found a glowing silver altar of Zin.
  2803 | D:3      | You fall into a shaft and drop 3 floors!
  2844 | D:6      | Noticed a bullfrog
  2849 | D:6      | Killed from afar by a shadow imp

Levels and vault maps discovered:
D:1:      kennysheep_arrival_forest, layout_loops_ring
D:2:      layout_rooms, first_ration, uniq_sigmund
D:3:      layout_rooms, tgw_sif, old_standard_altar
D:6:      layout_cave_pools, nicolae_overflow_crystal_walls, temple_statues,
          hangedman_decor_peaks_small, uniq_eustachio

Skill      XL: |  1  2  3 |
---------------+----------+-----
Dodging        | 2 |  2.4
Armour         | 1 |  1.2
Fighting       | |  1.3
Short Blades   | |  0.2
Throwing       | |  1.9
Stealth        | |  1.2
Unarmed Combat | |  1.0
Spellcasting   | |  1.0
Translocations | |  1.0
Fire Magic     | |  1.0
Evocations     | |  1.0

Action                   || total
-------------------------++-------
Melee: Dagger            ||   124
Throw: Dart              ||    67
  Use: Potion            ||     1
  Eat: Chunk             ||     6
Armor: Leather armour    ||    41
       Robe              ||     1
Dodge: Dodged            ||   115

Table legend:
 A = Non-vault XP
 B = Vault XP
 C = Vault XP percentage of total XP
 D = Non-vault monster count
 E = Vault monster count
 F = Vault count percentage of total count
                 A         B        C        D         E       F
            +---------+---------+-------+---------+---------+-------
      Total |      86 |       0 |   0.0 |      35 |       0 |   0.0
            +---------+---------+-------+---------+---------+-------
        D:1 |      28 |       0 |   0.0 |      16 |       0 |   0.0
        D:2 |      28 |       0 |   0.0 |      10 |       0 |   0.0
        D:3 |      27 |       0 |   0.0 |       8 |       0 |   0.0
        D:6 |       3 |       0 |   0.0 |       1 |       0 |   0.0
            +---------+---------+-------+---------+---------+-------
